[ PARTIDA AOE2 · #486418594 ]
UnrankedCumanos vs Georgians
Equipo del jugador · DERR
Equipo rival · VICT
[ ANÁLISIS DE REPETICIÓN · EXTRAÍDO DE LA PARTIDA GRABADA ]
Feudal
11:46
Castillos
26:51
Imperial
—
| APM promedio | 47.3 |
| APM pico | 136 |
| eAPM promedio | 24.0 |
| Aldeanos / militares | 112 / 23 |
Foco
⚔️ 29.5% · 🌾 70.5%
Camel Scout ×16 · Kipchak ×7
Feudal
9:10
Castillos
21:17
Imperial
35:23
| APM promedio | 45.1 |
| APM pico | 109 |
| eAPM promedio | 22.1 |
| Aldeanos / militares | 84 / 31 |
Foco
⚔️ 22.3% · 🌾 77.7%
Spearman ×12 · Knight ×7 · Monk ×5 · Mangonel ×4 · Scout Cavalry ×2 · Trebuchet (Packed) ×1
Mapa de la partida
Recursos iniciales + cada clic de construcción. Líneas = muros · curvas = relieve. ◆ oro · ⬟ piedra · ● bayas · ✦ reliquia · ◌ hueco del cierre
Tu base· Abierta — hueco de 6t
Base de [COL] JuanMan· Abierta — hueco de 5t
Terreno inicial suavizado · ◌ = hueco del cierre detectado · pasá el cursor para detalles
Inputs por minuto
— Sekai Doggo - - [COL] JuanMan
Build order — Sekai Doggo
Primeras 150 de 262 acciones detectadas
| 0:00 | Investigar | Loom |
| 0:01 | Crear | Villager (Male) |
| 0:03 | Construir | House |
| 0:05 | Crear | Villager (Male) |
| 0:05 | Crear | Villager (Male) |
| 0:06 | Construir | House |
| 0:26 | Crear | Villager (Male) |
| 1:33 | Crear | Villager (Male) |
| 1:33 | Crear | Villager (Male) |
| 2:13 | Crear | Villager (Male) |
| 2:25 | Crear | Villager (Male) |
| 2:58 | Crear | Villager (Male) |
| 3:27 | Crear | Villager (Male) |
| 3:30 | Crear | Villager (Male) |
| 3:30 | Crear | Villager (Male) |
| 3:55 | Crear | Villager (Male) |
| 3:58 | Construir | Lumber Camp |
| 4:26 | Construir | House |
| 4:39 | Crear | Villager (Male) |
| 4:40 | Crear | Villager (Male) |
| 5:36 | Crear | Villager (Male) |
| 5:40 | Construir | Mill |
| 6:03 | Crear | Villager (Male) |
| 6:24 | Crear | Villager (Male) |
| 6:40 | Crear | Villager (Male) |
| 6:44 | Construir | House |
| 7:11 | Crear | Villager (Male) |
| 7:15 | Construir | House |
| 7:23 | Construir | House |
| 7:29 | Construir | Palisade Wall |
| 7:35 | Crear | Villager (Male) |
| 7:59 | Crear | Villager (Male) |
| 8:09 | Crear | Villager (Male) |
| 8:14 | Construir | Mill |
| 8:46 | Investigar | Loom |
| 9:13 | Crear | Villager (Male) |
| 9:36 | Investigar | Feudal Age |
| 9:37 | Investigar | Feudal Age |
| 9:46 | Construir | Palisade Wall |
| 10:03 | Construir | Palisade Wall |
| 10:34 | Construir | Palisade Wall |
| 10:58 | Construir | House |
| 10:59 | Construir | House |
| 11:32 | Construir | Palisade Wall |
| 11:34 | Crear | Villager (Male) |
| 11:38 | Crear | Villager (Male) |
| 11:46 | Edad | Edad Feudal |
| 12:08 | Construir | Town Center |
| 12:12 | Crear | Villager (Male) |
| 12:27 | Construir | Palisade Gate |
| 12:32 | Construir | Palisade Wall |
| 12:34 | Construir | House |
| 12:35 | Construir | House |
| 12:44 | Construir | House |
| 12:54 | Crear | Villager (Male) |
| 13:02 | Crear | Villager (Male) |
| 13:33 | Crear | Villager (Male) |
| 13:45 | Crear | Villager (Male) |
| 13:52 | Construir | Mining Camp |
| 13:55 | Crear | Villager (Male) |
| 13:55 | Crear | Villager (Male) |
| 13:59 | Construir | Farm |
| 14:22 | Construir | Farm |
| 14:28 | Construir | Farm |
| 14:31 | Construir | Farm |
| 14:41 | Investigar | Double-Bit Axe |
| 14:41 | Investigar | Double-Bit Axe |
| 14:42 | Crear | Villager (Male) |
| 14:42 | Crear | Villager (Male) |
| 15:12 | Construir | Watch Tower |
| 15:55 | Crear | Villager (Male) |
| 15:55 | Crear | Villager (Male) |
| 16:01 | Construir | Farm |
| 16:01 | Construir | Farm |
| 16:02 | Construir | Farm |
| 16:28 | Crear | Villager (Male) |
| 16:28 | Crear | Villager (Male) |
| 16:44 | Construir | Farm |
| 16:46 | Construir | Farm |
| 16:55 | Crear | Villager (Male) |
| 17:22 | Crear | Villager (Male) |
| 17:22 | Crear | Villager (Male) |
| 17:33 | Crear | Villager (Male) |
| 17:49 | Construir | Watch Tower |
| 18:04 | Crear | Villager (Male) |
| 18:07 | Construir | Farm |
| 18:14 | Construir | Farm |
| 18:16 | Construir | Farm |
| 18:18 | Crear | Villager (Male) |
| 18:18 | Crear | Villager (Male) |
| 18:38 | Construir | Blacksmith |
| 18:39 | Construir | Farm |
| 18:40 | Construir | Farm |
| 18:40 | Construir | Farm |
| 18:44 | Construir | Farm |
| 18:45 | Construir | Farm |
| 18:46 | Crear | Villager (Male) |
| 18:46 | Crear | Villager (Male) |
| 18:48 | Construir | Farm |
| 18:57 | Construir | Farm |
| 18:59 | Construir | Farm |
| 19:01 | Crear | Villager (Male) |
| 19:03 | Construir | Farm |
| 19:05 | Construir | Farm |
| 19:06 | Construir | Farm |
| 19:07 | Crear | Villager (Male) |
| 19:21 | Crear | Villager (Male) |
| 19:26 | Construir | Farm |
| 19:31 | Investigar | Horse Collar |
| 19:31 | Investigar | Horse Collar |
| 19:36 | Crear | Villager (Male) |
| 19:39 | Construir | House |
| 20:01 | Crear | Villager (Male) |
| 20:03 | Crear | Villager (Male) |
| 20:10 | Construir | Barracks |
| 20:14 | Investigar | Fletching |
| 20:16 | Crear | Villager (Male) |
| 20:55 | Crear | Villager (Male) |
| 20:55 | Crear | Villager (Male) |
| 21:00 | Construir | House |
| 21:00 | Construir | House |
| 21:08 | Construir | Watch Tower |
| 21:18 | Crear | Villager (Male) |
| 21:28 | Construir | Farm |
| 21:38 | Crear | Villager (Male) |
| 21:38 | Crear | Villager (Male) |
| 21:41 | Construir | Mining Camp |
| 21:49 | Construir | Lumber Camp |
| 21:57 | Crear | Villager (Male) |
| 21:57 | Crear | Villager (Male) |
| 22:19 | Construir | Palisade Wall |
| 22:26 | Construir | House |
| 22:27 | Construir | House |
| 22:28 | Construir | House |
| 22:29 | Crear | Villager (Male) |
| 22:30 | Crear | Villager (Male) |
| 22:55 | Crear | Villager (Male) |
| 22:56 | Crear | Villager (Male) |
| 23:03 | Crear | Villager (Male) |
| 23:03 | Crear | Villager (Male) |
| 23:04 | Construir | Stable |
| 23:08 | Construir | Stable |
| 23:15 | Construir | Farm |
| 24:11 | Investigar | Castle Age |
| 24:20 | Construir | Watch Tower |
| 24:27 | Investigar | Scale Barding Armor |
| 24:32 | Crear | Villager (Male) |
| 24:57 | Crear | Villager (Male) |
| 25:04 | Investigar | Bloodlines |
| 25:53 | Investigar | Forging |
Build order — [COL] JuanMan
Primeras 150 de 235 acciones detectadas
| 0:02 | Crear | Villager (Male) |
| 0:02 | Crear | Villager (Male) |
| 0:02 | Crear | Villager (Male) |
| 0:03 | Construir | House |
| 0:04 | Construir | House |
| 0:11 | Crear | Villager (Male) |
| 0:11 | Crear | Villager (Male) |
| 1:30 | Crear | Villager (Male) |
| 1:31 | Crear | Villager (Male) |
| 1:58 | Crear | Villager (Male) |
| 1:59 | Crear | Villager (Male) |
| 2:27 | Crear | Villager (Male) |
| 2:27 | Crear | Villager (Male) |
| 2:28 | Crear | Villager (Male) |
| 2:34 | Construir | Mule Cart |
| 3:03 | Crear | Villager (Male) |
| 3:03 | Crear | Villager (Male) |
| 3:03 | Crear | Villager (Male) |
| 3:21 | Crear | Villager (Male) |
| 3:21 | Crear | Villager (Male) |
| 3:40 | Crear | Villager (Male) |
| 3:41 | Crear | Villager (Male) |
| 3:41 | Crear | Villager (Male) |
| 3:41 | Crear | Villager (Male) |
| 3:59 | Construir | House |
| 4:03 | Crear | Villager (Male) |
| 4:03 | Crear | Villager (Male) |
| 4:03 | Crear | Villager (Male) |
| 4:14 | Crear | Villager (Male) |
| 4:37 | Crear | Villager (Male) |
| 5:27 | Crear | Villager (Male) |
| 5:31 | Investigar | Loom |
| 5:56 | Construir | Barracks |
| 6:31 | Crear | Villager (Male) |
| 7:00 | Investigar | Feudal Age |
| 7:00 | Investigar | Feudal Age |
| 7:41 | Crear | Villager (Male) |
| 8:06 | Construir | House |
| 9:10 | Edad | Edad Feudal |
| 9:12 | Construir | Stable |
| 9:16 | Construir | Mule Cart |
| 9:20 | Crear | Villager (Male) |
| 9:35 | Investigar | Double-Bit Axe |
| 9:47 | Crear | Villager (Male) |
| 9:57 | Construir | House |
| 10:07 | Crear | Scout Cavalry |
| 10:08 | Crear | Scout Cavalry |
| 10:14 | Crear | Villager (Male) |
| 10:19 | Construir | Mill |
| 10:25 | Construir | Palisade Gate |
| 10:28 | Construir | Palisade Wall |
| 10:49 | Crear | Villager (Male) |
| 11:04 | Construir | Watch Tower |
| 11:13 | Crear | Villager (Male) |
| 11:21 | Construir | House |
| 11:27 | Crear | Villager (Male) |
| 11:31 | Construir | House |
| 11:35 | Investigar | Horse Collar |
| 11:39 | Construir | Farm |
| 12:04 | Crear | Villager (Male) |
| 12:06 | Construir | Farm |
| 12:25 | Construir | Farm |
| 12:26 | Construir | Farm |
| 12:40 | Construir | Watch Tower |
| 12:45 | Crear | Villager (Male) |
| 12:48 | Construir | Farm |
| 12:58 | Construir | Farm |
| 13:05 | Construir | Palisade Wall |
| 13:06 | Crear | Villager (Male) |
| 13:26 | Construir | Outpost |
| 13:29 | Crear | Villager (Male) |
| 13:48 | Construir | Farm |
| 13:58 | Construir | Watch Tower |
| 14:02 | Crear | Villager (Male) |
| 14:05 | Construir | Farm |
| 14:08 | Crear | Villager (Male) |
| 14:24 | Crear | Villager (Male) |
| 14:40 | Construir | House |
| 14:42 | Crear | Villager (Male) |
| 14:55 | Construir | Watch Tower |
| 15:15 | Crear | Villager (Male) |
| 15:19 | Construir | House |
| 15:21 | Construir | Palisade Wall |
| 15:57 | Crear | Villager (Male) |
| 16:28 | Crear | Villager (Male) |
| 16:35 | Construir | Blacksmith |
| 16:37 | Construir | Palisade Wall |
| 16:37 | Crear | Villager (Male) |
| 17:02 | Crear | Villager (Male) |
| 17:28 | Crear | Villager (Male) |
| 17:47 | Construir | Watch Tower |
| 17:48 | Crear | Villager (Male) |
| 17:55 | Construir | Mule Cart |
| 17:59 | Construir | House |
| 18:24 | Construir | Farm |
| 18:34 | Investigar | Castle Age |
| 18:53 | Construir | Mule Cart |
| 18:59 | Construir | Farm |
| 19:06 | Construir | House |
| 19:07 | Construir | House |
| 19:09 | Construir | Palisade Wall |
| 19:12 | Construir | Palisade Wall |
| 19:50 | Investigar | Gold Mining |
| 20:14 | Investigar | Bloodlines |
| 20:15 | Investigar | Bloodlines |
| 20:21 | Construir | Farm |
| 21:04 | Investigar | Forging |
| 21:17 | Edad | Edad de los Castillos |
| 21:23 | Construir | Siege Workshop |
| 21:28 | Crear | Villager (Male) |
| 21:31 | Construir | Farm |
| 21:35 | Construir | Monastery |
| 21:39 | Crear | Knight |
| 21:46 | Crear | Villager (Male) |
| 21:56 | Crear | Mangonel |
| 22:04 | Crear | Villager (Male) |
| 22:10 | Crear | Mangonel |
| 22:14 | Crear | Knight |
| 22:21 | Construir | Farm |
| 22:24 | Construir | Farm |
| 22:40 | Crear | Mangonel |
| 22:41 | Crear | Villager (Male) |
| 22:49 | Construir | Town Center |
| 23:02 | Investigar | Scale Barding Armor |
| 23:13 | Crear | Villager (Male) |
| 23:40 | Crear | Knight |
| 23:42 | Crear | Villager (Male) |
| 23:42 | Crear | Villager (Male) |
| 23:51 | Crear | Mangonel |
| 24:20 | Crear | Knight |
| 24:21 | Crear | Villager (Male) |
| 24:27 | Crear | Villager (Male) |
| 24:41 | Crear | Villager (Male) |
| 24:54 | Crear | Villager (Male) |
| 25:05 | Construir | Outpost |
| 25:07 | Investigar | Town Watch |
| 26:01 | Crear | Villager (Male) |
| 26:08 | Construir | Town Center |
| 26:23 | Crear | Villager (Male) |
| 26:34 | Crear | Villager (Male) |
| 26:35 | Crear | Villager (Male) |
| 26:37 | Investigar | Bow Saw |
| 26:41 | Crear | Monk |
| 26:41 | Investigar | Redemption |
| 26:45 | Construir | Farm |
| 26:46 | Construir | Farm |
| 26:46 | Construir | Farm |
| 26:46 | Construir | Farm |
| 26:46 | Construir | Farm |
| 26:59 | Investigar | Husbandry |
Cronología de la partida
| 5:56 | [COL] JuanMan · first_building Barracks |
| 7:29 | Sekai Doggo · wall_segment Palisade Wall x3 |
| 9:10 | [COL] JuanMan · age_up feudal |
| 9:12 | [COL] JuanMan · first_building Stable |
| 9:46 | Sekai Doggo · wall_segment Palisade Wall x13 |
| 10:03 | Sekai Doggo · wall_segment Palisade Wall x14 |
| 10:28 | [COL] JuanMan · wall_segment Palisade Wall x3 |
| 10:34 | Sekai Doggo · wall_segment Palisade Wall x7 |
| 11:32 | Sekai Doggo · wall_segment Palisade Wall x5 |
| 11:46 | Sekai Doggo · age_up feudal |
| 12:32 | Sekai Doggo · wall_segment Palisade Wall x1 |
| 13:05 | [COL] JuanMan · wall_segment Palisade Wall x11 |
| 15:21 | [COL] JuanMan · wall_segment Palisade Wall x6 |
| 16:37 | [COL] JuanMan · wall_segment Palisade Wall x5 |
| 19:09 | [COL] JuanMan · wall_segment Palisade Wall x7 |
| 19:12 | [COL] JuanMan · wall_segment Palisade Wall x8 |
| 20:10 | Sekai Doggo · first_building Barracks |
| 21:17 | [COL] JuanMan · age_up castle |
| 21:23 | [COL] JuanMan · first_building Siege Workshop |
| 21:35 | [COL] JuanMan · first_building Monastery |
| 22:19 | Sekai Doggo · wall_segment Palisade Wall x14 |
| 23:04 | Sekai Doggo · first_building Stable |
| 26:51 | Sekai Doggo · age_up castle |
| 29:34 | [COL] JuanMan · first_building Castle |
| 30:02 | Sekai Doggo · first_building Castle |
| 30:35 | [COL] JuanMan · wall_segment Stone Wall x5 |
| 31:58 | Sekai Doggo · first_building Monastery |
| 32:10 | [COL] JuanMan · first_market_sell 100 food |
| 33:48 | [COL] JuanMan · wall_segment Stone Wall x11 |
| 34:01 | [COL] JuanMan · wall_segment Stone Wall x5 |
| 34:07 | [COL] JuanMan · wall_segment Stone Wall x4 |
| 34:11 | [COL] JuanMan · wall_segment Stone Wall x6 |
| 34:12 | Sekai Doggo · first_market_sell 100 wood |
| 34:13 | Sekai Doggo · first_market_buy 100 stone |
| 35:23 | [COL] JuanMan · age_up imperial |
| 35:34 | Sekai Doggo · resign |
[ ANÁLISIS IA · 1 CRÉDITO ]
¿Qué pasó realmente en esta partida?
Wolo.gg analiza cada decisión: build order, eco, micro, errores típicos por bracket. Análisis personalizado por WhatsApp o Discord en 30 segundos.
Guía civ
Cumanos
Perfil
Jugador #611584